 Dungeon Crawl Stone Soup version 0.29-a0-973-gac7da5f7f0 (webtiles) character file.

Game seed: 14644895531569531452

210 porpoise the Trooper (level 6, -10/40 HPs)
             Began as a Kobold Artificer on July 31, 2022.
             Mangled by an ice beast (14 damage)
             ... on level 3 of the Dungeon.
             The game lasted 00:13:16 (3100 turns).

porpoise the Trooper (Kobold Artificer)             Turns: 3100, Time: 00:13:17

Health: -10/40     AC: 12    Str: 11    XL:     6   Next: 12%
Magic:  6/6        EV: 13    Int: 13    God:
Gold:   176        SH:  0    Dex: 15    Spells: 5/5 levels left

rFire   . . .      SeeInvis .   a - +0 long sword
rCold   . . .      Faith    .   (no shield)
rNeg    . . .      Spirit   .   C - +0 ring mail
rPois   .          Reflect  .   u - +2 hat {Stlth+}
rElec   .          Harm     .   h - +0 cloak
rCorr   .          Rampage  .   (no gloves)
Will    .....                   (no boots)
Stlth   ++++......              n - amulet of the acrobat
HPRegen 0.13/turn               f - +4 ring of protection
MPRegen 0.10/turn               x - ring of flight

@: flying
A: small, no large weapons, nightstalker 3
a: no special abilities


You were on level 3 of the Dungeon.
You visited 1 branch of the dungeon, and saw 3 of its levels.

You collected 176 gold pieces.

Inventory:

Hand Weapons
 a - a +0 long sword (weapon)
 b - a +0 sling
 l - a +0 rapier
 w - a +0 dagger
Armour
 h - a +0 cloak (worn)
 u - a +2 hat of stealth (worn)
 C - a +0 ring mail (worn)
Magical Staves
 g - a staff of air
 v - a staff of conjuration
Jewellery
 f - a +4 ring of protection (left hand)
 n - an amulet of the acrobat (around neck)
 p - a ring of fire
 x - a ring of flight (right hand)
Wands
 c - a wand of flame (15) (quivered)
 d - a wand of charming (15)
 e - a wand of iceblast (9)
Scrolls
 i - 3 scrolls of enchant weapon {unknown}
 j - 3 scrolls of fear {unknown}
 m - 4 scrolls of identify {unknown}
 q - a scroll of immolation {unknown}
 s - a scroll of silence {unknown}
 y - a scroll of torment {unknown}
 B - a scroll of teleportation {unknown}
Potions
 k - a potion of lignification
 o - a potion of ambrosia {unknown}
 r - a potion of curing {unknown}
 z - a potion of attraction {unknown}
 A - a potion of mutation {unknown}


   Skills:
 * Level 4.8 Fighting
 + Level 1.7 Long Blades
 - Level 0.7 Armour
 - Level 3.0 Dodging
 - Level 2.6 Stealth
 - Level 3.6 Evocations


You had 5 spell levels left.
You didn't know any spells.
Your spell library contained the following spells:

 Spells                   Type           Power      Damage    Failure   Level
 Ensorcelled Hibernation  Hex/Ice        0%         N/A       75%         2
 Passwall                 Tmut/Erth      0%         N/A       75%         2
 Swiftness                Air            0%         N/A       92%         3


Dungeon Overview and Level Annotations

Branches:
Dungeon (3/15)

Altars:

Annotations:
D:3 Grinder, Ijyb, Sigmund


Innate Abilities, Weirdness & Mutations

You are small and have problems with some larger weapons.
You are completely attuned to the shadows.


Message History

The ice beast hits you but does no damage.
Grinder grins, showing sharp teeth.
Grinder gestures at you. Pain shoots through your body! The goblin misses you.
You barely miss Grinder.
Grinder is severely wounded.
Grinder gestures at you.
You suddenly lose the ability to move!
The ice beast hits you but does no damage.
The goblin hits you but does no damage.
The ice beast hits you but does no damage.
Grinder completely misses you. The goblin hits you but does no damage.
You can move again.
You hit Grinder but do no damage.
Grinder is severely wounded.
The ice beast hits you but does no damage.
Grinder gestures at you. Pain shoots through your body!
* * * LOW HITPOINT WARNING * * *
The goblin hits you but does no damage. Grinder barely misses you.
The ice beast barely misses you.
You barely miss Grinder.
Grinder is severely wounded.
The goblin hits you with a +2 dagger of holy wrath.
* * * LOW HITPOINT WARNING * * *
The ice beast hits you but does no damage.
Grinder hits you but does no damage. The goblin barely misses you.
Unknown command.
You slash Grinder!
Grinder is almost dead.
Grinder hits you but does no damage.
The ice beast hits you but does no damage.
The goblin barely misses you.
Unknown command.
You barely miss Grinder.
Grinder is almost dead.
The ice beast hits you.
* * * LOW HITPOINT WARNING * * *
The ice beast freezes you!
You die...

.###.#.#
.###.#.########
...)...##.....#
.###.####.....#####
.....# #..[........#
≈##..####.....####.$.
≈##...........####.#
≈≈.#######..#.Y...#
.≈≈. #....g@#.# .≈≈.
....###.5.# ## .≈≈..
....# #.#.# .. .≈≈.#
## #.#... .. ≈##.#
..# #. ## ≈##.# .S..#
g.##### ##### ...
....... # ...#
#######


You could see Grinder, an ice beast and a goblin.

Vanquished Creatures
  A phantom (D:2)
  Natasha (D:3)
  An adder (D:3)
  3 gnolls (D:3)
  A worm (D:2)
  2 dart slugs
  2 orcs (D:3)
  5 bats
  7 endoplasms
  2 giant cockroaches
  2 goblins (D:2)
  3 hobgoblins
  7 jackals
  2 kobolds (D:1)
  8 quokkas
  3 ball pythons
  A frilled lizard (D:1)
  7 rats
58 creatures vanquished.

Notes
Turn   | Place    | Note
-------+----------+-------------------------------------------
     0 | D:1      | porpoise the Kobold Artificer began the quest for the Orb.
     0 | D:1      | Reached XP level 1. HP: 12/12 MP: 1/1
   198 | D:1      | Reached XP level 2. HP: 16/16 MP: 2/2
   615 | D:1      | Reached skill level 2 in Fighting
   666 | D:1      | Reached XP level 3. HP: 21/21 MP: 3/3
  1531 | D:2      | Noticed a phantom
  1551 | D:2      | HP: 1/22 [phantom (5)]
  1553 | D:2      | Killed a phantom
  1554 | D:2      | Reached skill level 4 in Fighting
  1554 | D:2      | Reached skill level 1 in Long Blades
  1554 | D:2      | Reached XP level 4. HP: 1/29 MP: 4/4
  1554 | D:2      | Reached XP level 5. HP: 2/33 MP: 5/5
  2154 | D:3      | Found a glowing drain.
  2154 | D:3      | Noticed Sigmund
  2155 | D:3      | Noticed an ice beast
  2224 | D:3      | Noticed Natasha
  2663 | D:3      | Noticed Ijyb
  2761 | D:3      | Killed Natasha
  2809 | D:3      | Reached XP level 6. HP: 22/39 MP: 6/6
  3047 | D:3      | Noticed Grinder
  3058 | D:3      | Paralysed by Grinder for 4 turns
  3086 | D:3      | Paralysed by Grinder for 3 turns
  3095 | D:3      | Paralysed by Grinder for 2 turns
  3100 | D:3      | Mangled by an ice beast

Illustrated notes

Levels and vault maps discovered:
D:1:      dpeg_arrival_solitude, layout_loops_cross
D:2:      layout_basic
D:3:      layout_loops_ring, cheibrodos_sewer_entry_sluice, serial_shops,
          nicolae_shop_advertising_works [nicolae_subvault_shop_adworks],
          uniq_grinder, uniq_sigmund, uniq_ijyb, uniq_natasha

Skill      XL: |  1  2  3 |
---------------+----------+-----
Dodging        | 3 |  3.0
Stealth        | 2 |  2.6
Fighting       | 2 4 |  4.8
Long Blades    | 1 |  1.7
Armour         | |  0.7
Evocations     | |  3.6

Action                   |  1- 3 |  4- 6 || total
-------------------------+-------+-------++-------
Melee: Club              |     7 |       ||     7
       Dagger            |    13 |       ||    13
       War axe           |    78 |       ||    78
       Punch             |     4 |       ||     4
       Long sword        |    28 |    91 ||   119
 Fire: Sling             |     3 |     4 ||     7
  Use: Potion            |       |     2 ||     2
 Stab: Sleeping          |    12 |     8 ||    20
Armor: Leather armour    |    42 |    27 ||    69
       Ring mail         |       |    20 ||    20
       Skin              |       |    12 ||    12
Dodge: Dodged            |   119 |    73 ||   192

Table legend: (Time is in decaauts)
 A = Elapsed time spent in this place.
 B = Non-inter-level travel time spent in this place.
 C = Inter-level travel time spent in this place.
 D = Time resting spent in this place.
 E = Time spent auto-exploring this place.
 F = Levels seen in this place.
 G = Mean time per level.
                   A        B        C        D        E       F      G
               +--------+--------+--------+--------+--------+-----+--------+
         Total |   3174 |   3013 |    161 |    789 |   1068 |   3 | 1058.0 |
       Dungeon |   3174 |   3013 |    161 |    789 |   1068 |   3 | 1058.0 |
               +--------+--------+--------+--------+--------+-----+--------+

Top non-repeatable levels by time:
     D:2: 1326 daAuts
     D:1: 976 daAuts
     D:3: 871 daAuts
